 Dungeon Crawl Stone Soup version 0.26-a0-682-g294304f (webtiles) character file.

Game seed: 12635168829509056045

7001 Mopster the Cleaver (level 10, -2/86 HPs)
             Began as a Minotaur Berserker on Oct 20, 2020.
             Was an Elder of Trog.
             Slain by a centaur (6 damage)
             ... on level 10 of the Dungeon.
             The game lasted 00:22:32 (8699 turns).

Mopster the Cleaver (Minotaur Berserker)            Turns: 8699, Time: 00:22:32

Health: -2/86      AC:  6    Str: 29    XL:     10   Next: 82%
Magic:  8/9        EV:  6    Int:  4    God:    Trog [****..]
Gold:   657        SH: 18    Dex: 12    Spells: 9/9 levels left

rFire    . . .     SeeInvis .   F - +0 war axe
rCold    . . .     Faith    .   x - +0 tower shield
rNeg     + . .     Spirit   .   s - +0 plate armour
rPois    .         Reflect  .   (helmet restricted)
rElec    .         Harm     .   G - scarf {repulsion}
rCorr    .         Rampage  .   (no gloves)
MR       .....                  (no boots)
Stlth    ..........             (no amulet)
HPRegen  0.24/turn              r - ring of positive energy
MPRegen  0.11/turn              C - +6 ring of strength

@: marked, corroded, berserk cooldown, repel missiles
A: retaliatory headbutt, horns 2
a: Berserk, Trog's Hand, Brothers in Arms, Renounce Religion


You were on level 10 of the Dungeon.
You worshipped Trog.
Trog was greatly pleased with you.
You visited 1 branch of the dungeon, and saw 10 of its levels.

You collected 657 gold pieces.

Inventory:

Hand Weapons
 a - a +0 hand axe
 h - a +3 battleaxe
 F - a +0 war axe (weapon)
Armour
 s - a +0 plate armour (worn)
 t - a +1 chain mail of poison resistance
 x - a +0 tower shield (worn)
 D - a +0 cloak
 G - a scarf of repulsion (worn)
Jewellery
 r - a ring of positive energy (left hand)
 C - a +6 ring of strength (right hand)
Wands
 j - a wand of random effects (13)
 m - a wand of polymorph (18)
 u - a wand of flame (23)
 z - a wand of enslavement (9)
 B - a wand of acid (12)
Scrolls
 b - a scroll of blinking
 c - 2 scrolls of teleportation
 d - 4 scrolls of enchant weapon
 f - 12 scrolls of remove curse
 g - 2 scrolls of magic mapping
 o - 2 scrolls of fog
 q - a scroll of enchant armour
 y - a scroll of vulnerability {unknown}
 A - a scroll of torment
 H - a scroll of identify
Potions
 e - 2 potions of lignification
 i - 3 potions of might {unknown}
 k - 2 potions of haste {unknown}
 l - 2 potions of mutation {unknown}
 n - a potion of cancellation {unknown}
 p - a potion of flight {unknown}
 v - a potion of degeneration {unknown}
 w - a potion of stabbing {unknown}
 E - a potion of curing {unknown}


   Skills:
 + Level 7.5 Fighting
 * Level 13.5 Axes
 + Level 8.8 Armour
 + Level 3.5 Dodging
 + Level 0.3 Stealth
 + Level 9.4 Shields


You had 9 spell levels left.
You didn't know any spells.
Your spell library contained the following spells:

 Spells                   Type           Power        Failure   Level
 Shock                    Conj/Air       #...         100%        1
 Swiftness                Air            #.......     100%        2
 Static Discharge         Conj/Air       #.......     100%        3
 Airstrike                Air            #.........   100%        4
 Lightning Bolt           Conj/Air       #.........   100%        5


Dungeon Overview and Level Annotations

Branches:
Dungeon (10/15)            Temple (0/1) D:4
   Lair: D:8-11         Orc: D:9-12

Altars:
Ashenzari
Okawaru

Annotations:
D:10 Harold


Innate Abilities, Weirdness & Mutations

You reflexively headbutt those who attack you in melee.
You have a pair of horns on your head.


Message History

An eye of draining comes into view.
Press: ? - help, Dir - move target cursor
As you read the scroll of blinking, it crumbles to dust.
An iguana comes into view.
The centaur shoots an arrow.
The arrow hits you.
* * * LOW HITPOINT WARNING * * *
Found a buckler and a dark potion.
You fail to use your ability.
The centaur shoots an arrow.
The arrow closely misses you.
The centaur shoots an arrow.
You block the arrow.
You feel yourself speed up.
The centaur shoots an arrow.
The arrow hits you.
* * * LOW HITPOINT WARNING * * *
The centaur shoots an arrow.
You block the arrow. The eye of draining gazes at you.
You feel your power leaking away.
You see here 2 arrows.
You fail to use your ability.
The centaur shoots an arrow.
The arrow hits you!
* * * LOW HITPOINT WARNING * * *
The centaur unwields a +0 shortbow.
The centaur hits you.
You die...

...
.#..#######
#..........
....#...##
. #.#.##
#####
#<#...
#([!#
######
#(..# .....
. #@..#
.####
.s##c##
####


o.olG #.#. #c#>..# .# (#.# #....l###..# .#.#. ..#@..# .#.#.# .#...#...#.#.#.#.
.#.#.#.#.#.#.#.#.# #.#.#.#.#l#.#.#.#. You could see Harold, an eye of draining,
a centaur, 2 iguanas and an orc.

Vanquished Creatures
  A two-headed ogre (D:9)
  The ghost of hair the Caller, a novice DrSu of Hepliaklqana (D:10)
  The ghost of thesequoiad the Frost Mage, a novice DEIE of Sif Muna (D:7)
  Maurice (D:8)
  A gargoyle (D:10)
  The ghost of Hienro the Chiller, a novice FeIE of Sif Muna (D:7)
  A wyvern (D:8)
  Sigmund (D:3)
  A basilisk (D:10)
  An orc warrior (D:8)
  3 ice beasts
  A phantom (D:5)
  A sky beast (D:9)
  3 black bears (D:7)
  8 ogres
  4 centaurs
  4 bullfrogs
  A wyvern skeleton (D:7)
  2 scorpions (D:7)
  5 killer bees (D:7)
  3 wights (D:8)
  6 howler monkeys
  A bullfrog zombie (D:8)
  2 orc priests
  2 centaur zombies (D:7)
  A quasit (D:8)
  A jelly (D:5)
  2 centaur skeletons
  7 hounds
  6 orc wizards
  Jessica (D:3)
  A bullfrog skeleton (D:8)
  6 worker ants
  4 iguanas
  2 hound skeletons
  A worker ant zombie (D:8)
  3 gnolls (D:9)
  2 howler monkey skeletons
  14 adders
  A shadow imp (D:9)
  4 white imps
  An ufetubus (D:5)
  2 adder skeletons
  5 worms
  4 dart slugs
  9 leopard geckos
  22 orcs
  A ball python (D:1)
  7 bats
  4 giant cockroaches
  6 goblins
  3 hobgoblins
  8 jackals
  4 quokkas
  5 frilled lizards
  7 kobolds
  A leopard gecko skeleton (D:4)
  4 quokka skeletons
  7 rats
212 creatures vanquished.

Notes
Turn   | Place    | Note
-------+----------+-------------------------------------------
     0 | D:1      | Mopster the Minotaur Berserker began the quest for the Orb.
     0 | D:1      | Reached XP level 1. HP: 19/19 MP: 0/0
   353 | D:1      | Reached XP level 2. HP: 27/27 MP: 1/1
   376 | D:1      | Reached skill level 4 in Axes
   415 | D:1      | You fall into a shaft and drop 1 floor!
  1002 | D:2      | Reached XP level 3. HP: 33/33 MP: 2/2
  1183 | D:2      | Reached ** piety under Trog
  1724 | D:3      | Reached XP level 4. HP: 40/40 MP: 3/3
  1886 | D:3      | Reached skill level 5 in Axes
  2028 | D:3      | Noticed Jessica
  2032 | D:3      | Killed Jessica
  2032 | D:3      | Reached XP level 5. HP: 47/47 MP: 4/4
  2036 | D:3      | Reached skill level 1 in Shields
  2160 | D:3      | Reached skill level 5 in Armour
  2180 | D:3      | Noticed Sigmund
  2194 | D:3      | Killed Sigmund
  2194 | D:3      | Reached skill level 6 in Axes
  2194 | D:3      | Reached XP level 6. HP: 53/53 MP: 5/5
  2439 | D:4      | Reached *** piety under Trog
  2511 | D:4      | Reached skill level 7 in Axes
  2511 | D:4      | Reached XP level 7. HP: 60/60 MP: 6/6
  2756 | D:4      | Reached skill level 5 in Fighting
  2756 | D:4      | Reached skill level 8 in Axes
  2973 | D:4      | Found a staircase to the Ecumenical Temple.
  3304 | D:5      | Entered Level 5 of the Dungeon
  3769 | D:5      | Reached skill level 9 in Axes
  3769 | D:5      | Reached XP level 8. HP: 68/68 MP: 7/7
  4416 | D:6      | Reached skill level 10 in Axes
  5026 | D:7      | Reached XP level 9. HP: 75/75 MP: 8/8
  5112 | D:7      | Reached skill level 11 in Axes
  5235 | D:7      | Found a runed translucent gate.
  5237 | D:7      | Found a runed translucent gate.
  5237 | D:7      | Found a runed translucent gate.
  5238 | D:7      | Noticed thesequoiad's ghost (novice DEIE)
  5238 | D:7      | Noticed Hienro's ghost (novice FeIE)
  5300 | D:7      | Reached **** piety under Trog
  5435 | D:7      | Reached skill level 5 in Shields
  5875 | D:7      | Found a broken altar of Ashenzari.
  6450 | D:7      | Killed thesequoiad's ghost
  6450 | D:7      | Reached skill level 12 in Axes
  6452 | D:7      | Killed Hienro's ghost
  6848 | D:8      | Reached XP level 10. HP: 84/84 MP: 9/9
  6860 | D:8      | Noticed Maurice
  7009 | D:8      | Killed Maurice
  7604 | D:9      | Noticed a two-headed ogre
  7614 | D:9      | Killed a two-headed ogre
  7945 | D:9      | Reached skill level 13 in Axes
  8274 | D:9      | Found an iron altar of Okawaru.
  8403 | D:10     | Entered Level 10 of the Dungeon
  8571 | D:10     | Found a runed translucent door.
  8571 | D:10     | Noticed hair's ghost (novice DrSu)
  8587 | D:10     | Killed hair's ghost
  8655 | D:10     | Noticed a gargoyle
  8665 | D:10     | Killed a gargoyle
  8684 | D:10     | Noticed Harold
  8698 | D:10     | HP: 4/86 [centaur/arrow (10)]
  8699 | D:10     | Slain by a centaur

Illustrated notes

Levels and vault maps discovered:
D:1:      dpeg_arrival_houses_and_road, layout_loops_ring,
          minmay_split_cup_small
D:2:      layout_loops_corners
D:3:      layout_basic, st_stairs_13, uniq_sigmund, uniq_jessica
D:4:      layout_rooms, minmay_temple_entry_junction, hangedman_decor_growths,
          minivault_27, kennysheep_pointless_box, minmay_misc_feat_doors,
          hangedman_minor_gate_pass
D:5:      layout_loops_corners
D:6:      layout_rooms
D:7:      minmay_clustersquares, layout_loops_corners, lemuel_round_altar,
          gammafunk_ghost_cemetery
D:8:      layout_loops_corners, minmay_manual_mail, uniq_maurice
D:9:      layout_grid_maze, okawaru_metal_pillars_3
D:10:     layout_basic, erik_lair_dragon, ebering_ghost_reflecting_pool,
          minmay_fractal_squares_diagonal_5, uniq_harold

Skill      XL: |  1  2  3  4  5  6  7  8  9 10 |
---------------+-------------------------------+-----
Axes           | 4 5 6 7 9 10 12 13 | 13.5
Fighting       | 4 5 6 7 |  7.5
Armour         | 3 4 5 6 7 8 |  8.8
Shields        | 1 2 4 6 9 |  9.4
Dodging        | 3 |  3.5
Stealth        | |  0.3

Action                   |  1- 3 |  4- 6 |  7- 9 | 10-12 || total
-------------------------+-------+-------+-------+-------++-------
Melee: Hand axe          |    98 |    91 |   376 |   114 ||   679
       Headbutt          |    18 |    16 |    77 |    55 ||   166
       War axe           |       |       |       |    69 ||    69
Invok: Berserk           |     2 |     2 |     8 |     7 ||    19
       Trog's Hand       |       |     1 |     1 |     1 ||     3
  Use: Scroll            |     5 |     1 |     3 |     6 ||    15
Armor: Chain mail        |    75 |    40 |    49 |       ||   164
       Plate armour      |       |       |    70 |    34 ||   104
Dodge: Dodged            |    36 |    19 |    45 |    13 ||   113
Block: Kite shield       |    38 |    37 |    42 |       ||   117
       Tower shield      |       |       |   188 |   106 ||   294

Table legend: (Time is in decaauts)
 A = Elapsed time spent in this place.
 B = Non-inter-level travel time spent in this place.
 C = Inter-level travel time spent in this place.
 D = Time resting spent in this place.
 E = Time spent auto-exploring this place.
 F = Levels seen in this place.
 G = Mean time per level.
                   A        B        C        D        E       F      G
               +--------+--------+--------+--------+--------+-----+--------+
         Total |   8827 |   8155 |    672 |    338 |   6256 |  10 |  882.7 |
       Dungeon |   8827 |   8155 |    672 |    338 |   6256 |  10 |  882.7 |
               +--------+--------+--------+--------+--------+-----+--------+

Top non-repeatable levels by time:
     D:7: 1642 daAuts
     D:8: 1099 daAuts
     D:2: 976 daAuts
     D:4: 958 daAuts
     D:5: 893 daAuts
     D:9: 825 daAuts
     D:3: 732 daAuts
     D:1: 716 daAuts
     D:6: 666 daAuts
    D:10: 315 daAuts
